AoeStats
← Clueless Clown

Nomad

506574309Analyzed
4v4 RM · 17d ago on Sep 14, 2026· 58m 41s· 8 players
Game mode
Random Map
Map size
231×231
Population
200
Speed
Normal
Resources
Standard
Victory
Conquest
Starting age
Dark Age
Ending age
Imperial Age
RankedLock teamsTeams togetherTeam positionsShared explorationLock speedFull tech treeHidden civsTurbo modeCheats
Victory
Defeat
1093
+12
🇺🇸 Italians · United States
1026
+15
🇦🇷 Franks · Argentina
984
+16
🇨🇱 Khmer · Chile
944
+19
🇦🇷 Maya · Argentina
1049
-18
🇲🇽 Spanish · Mexico
1045
-17
🇲🇽 Huns · Mexico
978
-15
🇦🇷 Celts · Argentina
915
-12
diego.servf
3:38 Loom
5:27 Loom
15:18 Feudal Age
15:21 Man-at-Arms
15:47 Arson
18:10 Town Watch
21:35 Horse Collar
26:16 Castle Age
26:53 Pikeman
30:41 Husbandry
32:23 Heavy Plow
35:42 Forging
37:07 Iron Casting
37:50 Bloodlines
37:46 Scale Barding Armor
40:15 Scale Mail Armor
40:24 Squires
42:58 Imperial Age
42:20 Chain Mail Armor
43:33 Wheelbarrow
43:39 Wheelbarrow
44:25 Gold Mining
46:20 Blast Furnace
45:50 Halberdier
47:24 Gold Shaft Mining
46:43 Elite Tarkan
49:23 Hand Cart
53:01 Elite Skirmisher
53:22 Heavy Cavalry Archer
57:59 Chemistry
58:08 Fletching
58:19 Padded Archer Armor
Acinco51203
6:37 Loom
16:10 Feudal Age
21:45 Castle Age
20:54 Double-Bit Axe
20:52 Horse Collar
21:05 Gold Mining
39:12 Padded Archer Armor
44:08 Pikeman
47:39 Squires
50:52 Imperial Age
48:57 Forging
48:47 Scale Mail Armor
51:00 Elite Skirmisher
51:34 Fletching
51:59 Leather Archer Armor
52:18 Bodkin Arrow
elfernetdeshiku
15:36 Feudal Age
16:15 Double-Bit Axe
16:14 Fishing Lines
16:30 Gold Mining
18:45 Stone Mining
20:05 Horse Collar
23:20 Loom
44:58 Forging
47:55 Castle Age
46:57 Scale Barding Armor
50:34 Stone Shaft Mining
50:12 Bow Saw
51:14 Gold Shaft Mining
51:10 Medium Warships
53:08 Scale Mail Armor
54:10 Gillnets
56:46 Wheelbarrow
Locote87
4:58 Loom
13:36 Feudal Age
20:56 Castle Age
19:44 Double-Bit Axe
21:29 Fletching
21:39 Padded Archer Armor
23:27 Wheelbarrow
26:37 Crossbowman
27:26 Thumb Ring
30:40 Pikeman
49:36 Bodkin Arrow
Clueless Clown
13:07 Feudal Age
13:19 Loom
17:07 Castle Age
14:53 Fishing Lines
16:46 Forging
16:38 Fletching
16:47 Double-Bit Axe
18:06 Medium Warships
19:11 Iron Casting
18:31 Bodkin Arrow
18:57 Gillnets
19:39 Bow Saw
19:41 Man-at-Arms
20:27 Long Swordsman
22:49 Arson
28:02 Elite Skirmisher
29:41 Padded Archer Armor
39:01 Wheelbarrow
42:00 Gold Mining
42:00 Stone Mining
41:58 Crossbowman
43:08 Silk Road
47:45 Imperial Age
45:49 Hand Cart
46:23 Stone Shaft Mining
49:01 Clinker Construction
49:24 Heavy Warships
49:08 Bracer
49:44 Careening
50:58 Chemistry
50:22 Carvel Hull
50:53 Arbalester
53:03 Two-Man Saw
51:41 Elite Cannon Galleon
53:07 Leather Archer Armor
53:33 Conscription
53:37 Shipwright
53:40 Dry Dock
53:49 Horse Collar
55:01 Demolition Ship
57:06 Ring Archer Armor
57:00 Ballistics
58:08 Elite Genoese Crossbowman
juan
3:56 Loom
16:13 Feudal Age
18:19 Double-Bit Axe
23:06 Castle Age
22:20 Forging
22:23 Bloodlines
22:11 Gold Mining
24:09 Wheelbarrow
23:08 Light Cavalry
24:12 Bow Saw
25:39 Husbandry
30:15 Scale Barding Armor
32:24 Iron Casting
35:51 Chain Barding Armor
37:13 Town Watch
40:09 Gold Shaft Mining
39:59 Siphons
40:12 Hand Cart
42:38 Fletching
43:07 Horse Collar
46:31 Imperial Age
46:35 Heavy Scorpion
48:18 Chemistry
47:23 Elite Battle Elephant
48:46 Town Patrol
49:45 Ballistics
El Lobizon Chinchu
5:02 Loom
6:09 Loom
16:21 Feudal Age
18:16 Gold Mining
20:37 Castle Age
19:01 Double-Bit Axe
24:32 Forging
24:28 Scale Barding Armor
31:25 Wheelbarrow
33:31 Iron Casting
33:28 Chain Barding Armor
36:50 Husbandry
42:48 Hand Cart
43:16 Scale Mail Armor
43:07 Fletching
45:22 Gold Shaft Mining
44:39 Stone Mining
45:05 Murder Holes
45:32 Ballistics
45:37 Chain Mail Armor
49:58 Imperial Age
50:16 Cavalier
51:59 Blast Furnace
51:35 Plate Barding Armor
52:11 Paladin
58:05 Elite Throwing Axeman
59:20 Plate Mail Armor
Caterpillar punta de acero
7:57 Loom
17:19 Feudal Age
18:03 Double-Bit Axe
24:57 Castle Age
25:03 Castle Age
26:43 Bow Saw
35:13 Horse Collar
38:15 Imperial Age
36:33 Scale Barding Armor
36:40 Forging
37:27 Bloodlines
37:20 Husbandry
38:25 Cavalier
39:39 Conscription
40:21 Chain Barding Armor
44:18 Plate Barding Armor
44:19 Iron Casting
45:05 Wheelbarrow
45:34 Chemistry
45:17 Paladin
Connection lost

Rejoining the realm…

Still unreachable

The connection could not be restored.

Session expired

The server has moved on; the page needs a fresh start.